 Dungeon Crawl Stone Soup version 0.28.0-53-g5a82cb258f (webtiles) character file.

Game seed: 1162464893384339530

41 Stomo the Cudgeller (level 3, 0/28 HPs)
             Began as a Demonspawn Gladiator on July 3, 2022.
             Was a Follower of Okawaru.
             Slain by a water moccasin skeleton (5 damage)
             ... on level 4 of the Dungeon.
             The game lasted 00:01:35 (1585 turns).

Stomo the Cudgeller (Demonspawn Gladiator)          Turns: 1585, Time: 00:01:35

Health: 0/28       AC:  3    Str: 16    XL:     3   Next: 32%
Magic:  3/3        EV: 12    Int:  9    God:    Okawaru [*.....]
Gold:   40         SH:  0    Dex: 14    Spells: 2/2 levels left

rFire   . . .      SeeInvis .   g - +0 whip
rCold   . . .      Faith    .   (no shield)
rNeg    . . .      Spirit   .   b - +0 leather armour
rPois   .          Reflect  .   (helmet restricted)
rElec   .          Harm     .   (no cloak)
rCorr   .          Rampage  .   (no gloves)
Will    .....                   (no boots)
Stlth   +.........              (no amulet)
HPRegen 0.09/turn               (no ring)
MPRegen 0.08/turn               (no ring)

@: no status effects
A: antennae 2
a: Renounce Religion, Heroism


You were on level 4 of the Dungeon.
You worshipped Okawaru.
Okawaru was aware of your devotion.
You visited 1 branch of the dungeon, and saw 3 of its levels.

You collected 40 gold pieces.

Inventory:

Hand Weapons
 a - a +0 flail
 g - a +0 whip (weapon)
Missiles
 d - 3 throwing nets (quivered)
Armour
 b - a +0 leather armour (worn)
 c - a +0 helmet
Jewellery
 l - a ring of protection from cold
Scrolls
 e - 2 scrolls of teleportation {unknown}
 h - 2 scrolls of identify {unknown}
 i - a scroll of torment {unknown}
 m - a scroll of fear {unknown}
Potions
 f - a potion of lignification {unknown}
 j - a potion of curing {unknown}
 k - a potion of degeneration {unknown}


   Skills:
 + Level 2.5 Fighting
 + Level 3.1 Maces & Flails
 - Level 1.7 Throwing
 + Level 1.1 Armour
 + Level 3.0 Dodging


You had 2 spell levels left.
You didn't know any spells.
Your spell library contained the following spells:

 Spells                   Type           Power      Damage    Failure   Level
 Pain                     Necr           0%         1d4       45%         1
 Portal Projectile        Hex/Tloc       0%         N/A       83%         3
 Vampiric Draining        Necr           0%         2d6       83%         3
 Leda's Liquefaction      Hex/Erth       0%         N/A       99%         4
 Animate Skeleton         Necr           Unusable   N/A       N/A         1
 Call Canine Familiar     Summ           Unusable   N/A       N/A         3

Dungeon Overview and Level Annotations

Branches:
Dungeon (2/15)

Altars:
Okawaru

Shops:
D:1 (

Annotations:
D:2 Jessica, Natasha


Innate Abilities, Weirdness & Mutations

You have a pair of antennae on your head.


Message History

You kill the adder!
Okawaru accepts your kill.
You see here an adder corpse.
HP restored.
A water moccasin skeleton comes into view.
A water moccasin skeleton is nearby!
A water moccasin skeleton is nearby!
A water moccasin skeleton is nearby!
The water moccasin skeleton bites you!
You hit the water moccasin skeleton.
The water moccasin skeleton is lightly damaged.
The water moccasin skeleton closely misses you.
You barely miss the water moccasin skeleton.
The water moccasin skeleton is lightly damaged.
The water moccasin skeleton bites you.
You hit the water moccasin skeleton.
The water moccasin skeleton is lightly damaged.
The water moccasin skeleton completely misses you.
You hit the water moccasin skeleton.
The water moccasin skeleton is moderately damaged.
The water moccasin skeleton closely misses you.
You hit the water moccasin skeleton.
The water moccasin skeleton is heavily damaged.
The water moccasin skeleton bites you!
The water moccasin skeleton bites you but does no damage.
You are too injured to fight recklessly!
You are too injured to fight recklessly!
You hit the water moccasin skeleton.
The water moccasin skeleton is severely damaged.
The water moccasin skeleton bites you.
* * * LOW HITPOINT WARNING * * *
Unknown command.
You hit the water moccasin skeleton.
The water moccasin skeleton is severely damaged.
The water moccasin skeleton bites you.
* * * LOW HITPOINT WARNING * * *
You barely miss the water moccasin skeleton.
The water moccasin skeleton is severely damaged.
The water moccasin skeleton bites you.
You die...

###.###......##
#####.......##
##.........##
##...........##
##.............#
##..#.........#
#..#.......###
####...###.##
##### ##@# #Z#
##. .. ... ....
..... ##....


You could see a water moccasin skeleton.

Vanquished Creatures
  An adder (D:4)
  A gnoll (D:1)
  2 dart slugs (D:1)
  A ball python (D:1)
  2 endoplasms (D:1)
  2 giant cockroaches
  2 hobgoblins
  2 jackals (D:1)
  A bat (D:1)
  2 kobolds (D:1)
  3 rats (D:1)
19 creatures vanquished.

Notes
Turn   | Place    | Note
-------+----------+-------------------------------------------
     0 | D:1      | Stomo the Demonspawn Gladiator began the quest for the Orb.
     0 | D:1      | Reached XP level 1. HP: 16/16 MP: 1/1
   162 | D:1      | Gained mutation: You have a pair of small antennae on your
                  | head. [demonic ancestry]
   162 | D:1      | Reached XP level 2. HP: 18/22 MP: 2/2
   255 | D:1      | Found a faded altar of an unknown god.
   258 | D:1      | Found Fimo's Weapon Shoppe.
   273 | D:1      | Prayed at the altar of an unknown god.
   273 | D:1      | Became a worshipper of Warmaster Okawaru
   273 | D:1      | Reached * piety under Okawaru
   841 | D:1      | Reached skill level 1 in Armour
  1083 | D:1      | Gained mutation: You have a pair of antennae on your head.
                  | [demonic ancestry]
  1083 | D:1      | Reached XP level 3. HP: 28/28 MP: 3/3
  1411 | D:2      | Noticed Natasha
  1489 | D:2      | Noticed Jessica
  1494 | D:2      | You fall into a shaft and drop 2 floors!
  1585 | D:4      | Slain by a water moccasin skeleton

Illustrated notes

Levels and vault maps discovered:
D:1:      sevenhm_arrival_forest_fort_large_2, layout_basic, serial_shops, shop,
          dreamdust_ecumenical_altar_statues, ebering_dispersal_statue_hall
D:2:      layout_loops_ring, serial_shops, shop, chequers_big_river,
          hangedman_decor_clover_reticule, minmay_tromino_i4, uniq_jessica,
          uniq_natasha, uniq_terence
D:4:      layout_cave_pods, chequers_temple_overflow_minitemple,
          mainiacjoe_overflow_catch_the_wave, hangedman_glass_teeth,
          uniq_menkaure, uniq_crazy_yiuf_cottage, uniq_ijyb

Skill      XL: |  1  2 |
---------------+-------+-----
Maces & Flails | 3 |  3.1
Dodging        | 3 |  3.0
Armour         | 1 |  1.1
Fighting       | |  2.5
Throwing       | |  1.7

Action                   || total
-------------------------++-------
Melee: Flail             ||     8
       Whip              ||    66
Armor: Leather armour    ||    13
Dodge: Dodged            ||    46
